 Dungeon Crawl Stone Soup version 0.30-a0-578-gdee14c521f (webtiles) character file.

Game seed: 12759643952241634480

1547248 hittemvvvvvvvvhard the Merry Centaur (level 25, 243/243 HPs)
             Began as a Centaur Necromancer on July 14, 2020.
             Was a Priest of Okawaru.
             Escaped with the Orb
             ... and 3 runes on Dec 31, 2022!
             The game lasted 03:29:25 (79844 turns).

hittemvvvvvvvvhard the Merry Centaur (CeNe)        Turns: 79844, Time: 03:29:26

Health: 243/243    AC: 56    Str:  9    XL:     25   Next: 98%
Magic:  34/34      EV: 11    Int: 18    God:    Okawaru [***...]
Gold:   1094       SH:  0    Dex: 22    Spells: 26/27 levels left

rFire   + + .      SeeInvis +    a - +8 triple crossbow (drain)
rCold   . . .      Faith    +    (shield currently unavailable)
rNeg    + + .      Spirit   .    L - +9 pearl dragon scales
rPois   +          Reflect  .    v - +4 hat of Nepokh {Slay+5}
rElec   +          Harm     .    d - +2 cloak of the Thief {*Fog Slay-2 SInv Stlth+}
rCorr   .          Rampage  .    b - +2 pair of gloves of the Volcano {Will+ Regen+}
Will    +++..                    c - +10 Black Knight's barding {ponderous, rPois rN+}
Stlth   +                        m - amulet of faith {Faith, !P}
HPRegen 1.40/turn                G - +4 ring of protection
MPRegen 0.24/turn                F - ring of Ydoqon {rElec rF+ Will+ Int+6}

@: studying 4 skills, quick
A: large, hooves 3, deformed body, speed 2, tough skin 3, fangs 1, horns 1,
deterioration 1, dopey 1, fire resistance 1, screaming 1, weak 1, inability to
drink after injury 1, inability to read after injury 1
0: Orb of Zot
}: 3/15 runes: decaying, serpentine, slimy
a: Renounce Religion, Heroism


You escaped.
You worshipped Okawaru.
Okawaru was most pleased with you.
You visited 11 branches of the dungeon, and saw 53 of its levels.
You also visited: Trove, Sewer, Bailey, Gauntlet and Wizlab.

You collected 7128 gold pieces.
You spent 6034 gold pieces at shops.

Inventory:

Hand Weapons
 a - a +8 triple crossbow of draining (weapon)
Missiles
 k - 25 javelins
 n - 6 silver javelins
 E - 10 throwing nets {=f}
Armour
 b - the +2 pair of gloves of the Volcano (worn) {Will+ Regen+}
   (You bought it in a shop on level 3 of the Snake Pit)

   Regen:     It increases your rate of health regeneration.
   Will:      It increases your willpower.
 c - the +10 Black Knight's barding (worn) {ponderous, rPois rN+}
   (You acquired it on level 3 of the Elven Halls)

   rPois:     It protects you from poison.
   rN:        It protects you from negative energy.
 d - the +2 cloak of the Thief (worn) {*Fog Slay-2 SInv Stlth+}
   (You found it in a wizard's laboratory)

   It may release a thick cloud of smoke when the wearer is hurt.
   Slay:      It affects your accuracy & damage with ranged weapons and melee
   (-2).
   SInv:      It lets you see invisible.
   Stlth:     It makes you more stealthy.
 g - the +1 barding of Epruz {+Blink Regen+ rCorr Dex-4}
   (Okawaru gifted it to you on level 5 of the Realm of Zot)

   Dex:       It affects your dexterity (-4).
   +Blink:    It lets you blink.
   Regen:     It increases your rate of health regeneration.
   rCorr:     It protects you from acid and corrosion.
 v - the +4 hat of Nepokh (worn) {Slay+5}
   (You found it in a treasure trove)

   Slay:      It affects your accuracy & damage with ranged weapons and melee
   (+5).
 L - +9 pearl dragon scales (worn)
Jewellery
 m - an amulet of faith (around neck) {Faith, !P}
 C - a ring of resist corrosion
 F - the ring of Ydoqon (right hand) {rElec rF+ Will+ Int+6}
   (You took it off a spriggan on level 6 of the Lair of Beasts)

   [ring of intelligence]

   Int:       It affects your intelligence (+6).
   rF:        It protects you from fire.
   rElec:     It insulates you from electricity.
   Will:      It increases your willpower.
 G - a +4 ring of protection (left hand)
 I - a ring of protection from cold
Wands
 f - a wand of flame (38)
 o - a wand of quicksilver (34)
 D - a wand of digging (8)
 N - a wand of mindburst (10)
 P - a wand of roots (56)
 W - a wand of polymorph (6)
Scrolls
 h - 9 scrolls of poison {!r}
 i - 32 scrolls of identify
 j - 7 scrolls of fear
 l - 12 scrolls of fog
 r - a scroll of magic mapping {!r}
 t - 25 scrolls of teleportation
 K - 2 scrolls of butterflies
 M - 9 scrolls of blinking {!r}
 O - a scroll of silence
Potions
 p - 2 potions of cancellation
 q - 8 potions of flight
 s - 7 potions of heal wounds
 w - 4 potions of invisibility
 x - 10 potions of might
 B - 6 potions of mutation {!q}
 J - 10 potions of haste
 R - 14 potions of curing
 U - 5 potions of attraction {!q}
 X - 6 potions of magic
 Y - a potion of resistance
Miscellaneous
 e - a lightning rod (4/4)
 A - a condenser vane
 H - a piece from Xom's chessboard (15/15)
 Q - a tin of tremorstones (2/2)
 T - a box of beasts
 V - a phial of floods
 Z - a phantom mirror


   Skills:
 * Level 23.5 Fighting
 - Level 4.0 Short Blades
 - Level 3.0 Polearms
 O Level 27 Ranged Weapons
 - Level 6.8 Throwing
 + Level 16.3 Armour
 * Level 15.8 Dodging
 - Level 1.1 Stealth
 - Level 1.5 Spellcasting
 - Level 3.6 Necromancy
 - Level 15.0 Invocations
 * Level 19.2 Evocations


You had 26 spell levels left.
You knew the following spells:

 Your Spells              Type           Power      Damage    Failure   Level
a - Pain                  Necr           56%        1d6       22%         1

Your spell library contained the following spells:

 Spells                   Type           Power      Damage    Failure   Level
 Animate Skeleton         Necr           28%        N/A       22%         1
 Necrotise                Necr           56%        1d6       22%         1
 Sublimation of Blood     Necr           14%        N/A       34%         2
 Vampiric Draining        Necr           14%        2d7       56%         3
 Cigotuvi's Dreadful Rot  Necr/Pois/Air  10%        N/A       65%         2
 Apportation              Tloc           2%         N/A       69%         1
 Foxfire                  Conj/Fire      4%         2x1d4     69%         1
 Magic Dart               Conj           4%         1d3       69%         1
 Sting                    Tmut/Pois      4%         1d3       69%         1
 Ensorcelled Hibernation  Hex/Ice        2%         N/A       83%         2
 Passwall                 Tmut/Erth      0%         N/A       83%         2
 Poisonous Vapours        Pois/Air       2%         N/A       83%         2
 Searing Ray              Conj           2%         2d4       83%         2
 Wereblood                Tmut           1%         N/A       83%         2
 Dispel Undead            Necr           14%        3d10      92%         4
 Dazzling Flash           Conj/Hex       2%         N/A       96%         3
 Frozen Ramparts          Ice            2%         1d1       96%         3
 Gell's Gravitas          Tloc           1%         N/A       96%         3
 Hailstorm                Conj/Ice       1%         3d3       96%         3
 Ignite Poison            Fire/Tmut/Pois 1%         N/A       96%         3
 Inner Flame              Hex/Fire       1%         N/A       96%         3
 Kindle Blastsparks       Fire/Tloc/Air  2%         2d10      96%         3
 Lesser Beckoning         Tloc           2%         N/A       96%         3
 Mephitic Cloud           Conj/Pois/Air  1%         N/A       96%         3
 Portal Projectile        Hex/Tloc       2%         N/A       96%         3
 Spider Form              Tmut/Pois      1%         N/A       96%         3
 Swiftness                Air            1%         N/A       96%         3
 Teleport Other           Tloc           1%         N/A       96%         3
 Agony                    Necr           14%        N/A       99%         5
 Cause Fear               Hex            0%         N/A       100%        4
 Fulminant Prism          Conj/Hex       0%         3d5       100%        4
 Ice Form                 Ice/Tmut       1%         N/A       100%        4
 Iskenderun's Mystic Bla  Conj/Tloc      1%         2d3       100%        4
 Leda's Liquefaction      Hex/Erth       0%         N/A       100%        4
 Olgreb's Toxic Radiance  Pois           1%         N/A       100%        4
 Petrify                  Tmut/Erth      1%         N/A       100%        4
 Sticky Flame             Conj/Fire      1%         2d3       100%        4
 Alistair's Intoxication  Tmut/Pois      0%         N/A       100%        5
 Borgnjor's Vile Clutch   Necr/Erth      3%         N/A       100%        5
 Fireball                 Conj/Fire      0%         3d3       100%        5
 Freezing Cloud           Conj/Ice/Air   0%         6-21      100%        5
 Iskenderun's Battlesphe  Conj           1%         2d6       100%        5
 Lee's Rapid Deconstruct  Erth           0%         3d4*      100%        5
 Metabolic Englaciation   Hex/Ice        0%         N/A       100%        5
 Conjure Ball Lightning   Conj/Air       0%         3x3d7     100%        6
 Eringya's Noxious Bog    Tmut/Pois      0%         N/A       100%        6
 Iron Shot                Conj/Erth      0%         9d1       100%        6
 Starburst                Conj/Fire      0%         6d3       100%        6
 Statue Form              Tmut/Erth      0%         N/A       100%        6
 Orb of Destruction       Conj           0%         9d5       100%        7
 Ozocubu's Refrigeration  Ice            0%         4d7       100%        7
 Storm Form               Tmut/Air       0%         N/A       100%        7
 Borgnjor's Revivificati  Necr           7%         N/A       100%        8
 Discord                  Hex            0%         N/A       100%        8
 Ignition                 Fire           0%         3d3       100%        8
 Necromutation            Tmut/Necr      3%         N/A       100%        8
 Death's Door             Necr           7%         N/A       100%        9
 Polar Vortex             Ice            0%         N/A       100%        9
 Summon Small Mammal      Summ           Unusable   N/A       N/A         1
 Animate Dead             Necr           Unusable   N/A       N/A         4
 Call Canine Familiar     Summ           Unusable   N/A       N/A         3
 Animate Armour           Summ/Erth      Unusable   N/A       N/A         4
 Summon Ice Beast         Ice/Summ       Unusable   N/A       N/A         4
 Summon Forest            Summ/Tloc      Unusable   N/A       N/A         5
 Summon Mana Viper        Hex/Summ       Unusable   N/A       N/A         5
 Death Channel            Necr           Unusable   N/A       N/A         6
 Simulacrum               Ice/Necr       Unusable   N/A       N/A         6
 Spellforged Servitor     Conj/Summ      Unusable   N/A       N/A         7
 Summon Hydra             Summ           Unusable   N/A       N/A         7

Dungeon Overview and Level Annotations

Branches:
Dungeon (15/15)            Temple (1/1) D:5            Lair (6/6) D:11
  Swamp (4/4) Lair:2        Snake (4/4) Lair:4        Slime (5/5) Lair:5
    Orc (2/2) D:12            Elf (3/3) Orc:2        Vaults (4/5) D:14
  Crypt (0/3) Vaults:2     Depths (4/5) D:15            Zot (5/5) Depths:4
  Sewer (visited)          Bailey (visited)          WizLab (visited)
Gauntlet (visited)

Altars:
Ashenzari
Cheibriados
Dithmenos
Elyvilon
Fedhas
Gozag
Hepliaklqana
Kikubaaqudgha
Makhleb
Nemelex Xobeh
Okawaru
Qazlal
Ru
Sif Muna
Trog
Uskayaw
Vehumet
Wu Jian
Xom
Yredelemnul
Zin
The Shining One
Lugonu

Shops:
Orc:2 **[[   Elf:2 [   Snake:3 [   Snake:4 ([?   Vaults:2 (   Vaults:3 [
Depths:1 *   Depths:2 :   Depths:4 :

Portals:
Hell: Depths:1 Depths:2 Depths:3 Depths:4
Abyss: Lair:6 Snake:1 Depths:1 Depths:3
Pandemonium: Depths:1 Depths:2 Depths:4

Annotations:
D:3 exclusion: downstairs
D:4 exclusion: black bear
D:5 exclusions: shadow and water moccasin
D:6 exclusions: downstairs and 4 more exclusions, Menkaure
D:7 exclusion: upstairs
D:8 exclusion: downstairs
D:9 3 runed translucent doors, exclusions: downstairs and obsidian statue, Athor's ghost, journeyman FoFi
D:10 exclusions: downstairs and ice statue
D:11 3 runed translucent doors, kae's ghost, journeyman TeFE
D:14 exclusion: 2 downstairs
D:15 1 runed translucent door, exclusion: orange crystal statue
Snake:1 2 transporters, wjtupper's ghost, adept MiHu
Snake:3 2 transporters, zero's ghost, adept GrEE
Depths:1 1 transporter
Depths:2 1 runed translucent door, Pidgh's ghost, adept TeFi
Zot:1 exclusions: door and 6 more exclusions
Zot:2 exclusions: 2 upstairs and 1 more exclusion
Zot:4 exclusions: upstairs and 9 more exclusions


Innate Abilities, Weirdness & Mutations

You have hooves in place of feet.
Armour fits poorly on your strangely shaped body.
You cover ground very quickly. (Speed++)
You have extremely tough skin. (AC +3)
You have very sharp teeth.
You have a pair of small horns on your head.
Your body sometimes deteriorates upon taking damage.
You are dopey. (Int -2)
Your flesh is heat resistant. (rF+)
You occasionally shout uncontrollably at your foes.
You are weak. (Str -2)
You occasionally lose the ability to drink potions when taking damage.
You occasionally lose the ability to read scrolls when taking damage.


Message History

The Executioner hits you but does no damage.
The Executioner gestures.
The Executioner seems to speed up.
You take 8 damage, and have 221/243 hp.
You shoot a bolt. The bolt hits the Executioner!
The Executioner hits you but does no damage. x9
The Executioner misses you.
The Executioner hits you but does no damage. x2
You regained 2 hp, and now have 223/243 hp.
You shoot a bolt.
The bolt closely misses the Executioner.
The Executioner closely misses you.
The Executioner hits you but does no damage. x3
The Executioner hits you.
The Executioner hits you but does no damage.
The Executioner misses you.
The Executioner hits you but does no damage. x5
You take 2 damage, and have 221/243 hp.
You shoot a bolt.
The bolt closely misses the Executioner.
The Executioner barely misses you.
The Executioner hits you but does no damage. x2
The Executioner hits you!
The Executioner hits you but does no damage. x6
The Executioner barely misses you. The Executioner misses you.
You take 5 damage, and have 216/243 hp.
You shoot a bolt. The bolt hits the Executioner!!!
You kill the Executioner!
No target in view!
No target in view!
(D) Dungeon (T) Temple (L) Lair (S) Swamp (P) Snake Pit (M) Slime Pits (O) Orcish Mines (E) Elven Halls (V) Vaults (C) Crypt (U) Depths (H) Hell (Z) Zot
Where to? (Enter - D:1 @ (x,y), ? - help)
There is an open door here.
Your magic seems less tainted.
There is a staircase leading out of the dungeon here.
Health restored: 243 You have escaped!

....#..#.#.# ### #.#
###....#.#.# #.# #.# #....#.#.#
#.# #.# #....#.#.# ##.## #.#
#.#..#.#.# #...# #.# #.#..#.#.#
#...# #.#
###.#..#.#.####...###.#
....#....#...#.....##.#
.........#.#....@.....# ######
..####...#.###.....#..#####....#
#........#.####...##........##.#
#.####........#...##..########.#
####..........#...##..#........#
.....###.#.#####.##...#.########
..#..# #...# #.#....#.#
#.#..####..# #.#..#.#.#
#.#....#...# ####.#.#.#

Skill      XL: |  1  2  3  4  5  6  7  8  9 10 11 12 13 14 15 16 17 18 19 20 21 22 23 24 25 |
---------------+----------------------------------------------------------------------------+-----
Fighting       | 1 2 3 4 5 7 8 10 12 13 15 16 17 18 19 20 21 22 23 | 23.5
Polearms       | 1 2 3 |  3.0
Armour         | 1 3 5 6 9 15 16 | 16.3
Short Blades   | 3 4 |  4.0
Invocations    | 2 6 7 9 10 11 13 15 | 15.0
Throwing       | 2 3 4 5 6 |  6.8
Dodging        | 2 3 4 6 7 8 9 10 12 13 14 15 | 15.8
Ranged Weapons | 9 12 13 16 18 19 22 24 26 27 | 27.0
Evocations     | 1 2 5 6 7 9 10 11 13 15 16 17 19 | 19.2
Stealth        | |  1.1
Spellcasting   | |  1.5
Necromancy     | |  3.6

Notes
Turn   | Place    | Note
-------+----------+-------------------------------------------
     0 | D:1      | hittemvvvvvvvvhard the Centaur Necromancer began the quest
                  | for the Orb.
     0 | D:1      | Reached XP level 1. HP: 14/14 MP: 3/3
     0 | D:1      | Upgraded the game from 0.26-a0-259-g1effd001a9 to
                  | 0.27-a0-819-g058290f16d
     0 | D:1      | Upgraded the game from 0.27-a0-819-g058290f16d to
                  | 0.30-a0-567-gf7fd966b4a
   396 | D:1      | Reached skill level 1 in Fighting
   553 | D:1      | Reached XP level 2. HP: 23/24 MP: 0/4
   968 | D:1      | Reached skill level 2 in Fighting
  2097 | D:2      | Reached skill level 1 in Polearms
  2097 | D:2      | Reached XP level 3. HP: 30/30 MP: 0/5
  2227 | D:3      | Identified the +6 dagger "Faff" {flame, rF+ Stlth+}
  2259 | D:3      | Found a sacrificial altar of Ru.
  2785 | D:3      | Reached skill level 2 in Polearms
  2993 | D:3      | Reached XP level 4. HP: 34/37 MP: 6/6
  3065 | D:3      | Found a broken altar of Ashenzari.
  3065 | D:3      | Found a snail-covered altar of Cheibriados.
  3150 | D:4      | Noticed a bullfrog
  3173 | D:4      | Noticed a bullfrog
  3188 | D:4      | Killed a bullfrog
  3189 | D:4      | Reached skill level 3 in Fighting
  3259 | D:4      | Found a radiant altar of Vehumet.
  3336 | D:4      | Reached XP level 5. HP: 41/45 MP: 4/7
  3529 | D:4      | Reached skill level 3 in Polearms
  3631 | D:4      | Found a hide-covered altar of Uskayaw.
  3682 | D:4      | Reached skill level 1 in Armour
  3724 | D:4      | Noticed a black bear
  3768 | D:4      | Reached skill level 4 in Fighting
  4027 | D:4      | Reached XP level 6. HP: 32/53 MP: 8/8
  4481 | D:4      | Reached skill level 5 in Fighting
  4740 | D:4      | Reached skill level 1 in Short Blades
  4995 | D:5      | Entered Level 5 of the Dungeon
  4998 | D:5      | Noticed a water moccasin
  5030 | D:5      | Found a staircase to the Ecumenical Temple.
  5036 | Temple   | Entered the Ecumenical Temple
  5158 | Temple   | Became a worshipper of Warmaster Okawaru
  5185 | D:5      | Reached skill level 2 in Short Blades
  5340 | D:5      | Noticed a shadow
  5599 | D:5      | Reached skill level 3 in Short Blades
  5599 | D:5      | Reached XP level 7. HP: 61/61 MP: 9/9
  6143 | D:6      | Reached skill level 1 in Invocations
  6150 | D:6      | Reached skill level 1 in Throwing
  6170 | D:6      | Noticed Menkaure
  6200 | D:6      | Found a glowing drain.
  6216 | Sewer    | Entered a sewer
  6303 | Sewer    | Reached * piety under Okawaru
  6498 | D:6      | Found a burning altar of Makhleb.
  6643 | D:6      | Reached skill level 2 in Throwing
  6643 | D:6      | Reached skill level 2 in Dodging
  6643 | D:6      | Reached skill level 2 in Invocations
  6643 | D:6      | Reached XP level 8. HP: 62/70 MP: 10/10
  7520 | D:6      | Reached skill level 2 in Ranged Weapons
  7694 | D:6      | Reached skill level 3 in Ranged Weapons
  7875 | D:6      | HP: 14/70 [killer bee (4)]
  7881 | D:6      | Reached skill level 4 in Ranged Weapons
  8118 | D:7      | Reached skill level 5 in Ranged Weapons
  8230 | D:6      | Reached skill level 6 in Ranged Weapons
  8586 | D:7      | Reached skill level 7 in Ranged Weapons
  9018 | D:7      | Reached skill level 8 in Ranged Weapons
  9432 | D:7      | Reached skill level 9 in Ranged Weapons
  9432 | D:7      | Reached XP level 9. HP: 71/75 MP: 11/11
  9511 | D:7      | Reached ** piety under Okawaru
  9643 | D:7      | Reached skill level 10 in Ranged Weapons
 10045 | D:7      | Reached skill level 11 in Ranged Weapons
 10315 | D:8      | Found a flagged portal.
 10321 | Bailey   | Entered a bailey
 10327 | Bailey   | Noticed an orc warlord
 10398 | Bailey   | Noticed an orc knight
 10600 | D:8      | Reached skill level 12 in Ranged Weapons
 10600 | D:8      | Reached skill level 6 in Fighting
 10667 | D:8      | Reached *** piety under Okawaru
 10668 | D:8      | Reached skill level 4 in Short Blades
 11371 | D:9      | Noticed a troll
 11532 | D:8      | Killed a troll
 11533 | D:8      | Reached skill level 7 in Fighting
 11634 | D:9      | Reached XP level 10. HP: 59/86 MP: 12/12
 11738 | D:9      | Reached **** piety under Okawaru
 11799 | D:8      | Received a gift from Okawaru
 11980 | D:9      | Noticed Harold
 11987 | D:9      | Reached skill level 13 in Ranged Weapons
 11990 | D:9      | Reached skill level 3 in Invocations
 12029 | D:9      | Killed Harold
 12030 | D:9      | Reached skill level 4 in Invocations
 12286 | D:9      | Found a runed translucent gate.
 12286 | D:9      | Found an opulent altar of Gozag.
 12287 | D:9      | Found a runed translucent gate.
 12287 | D:9      | Found a runed translucent gate.
 12287 | D:9      | Noticed an obsidian statue
 12290 | D:9      | Noticed Athor's ghost (journeyman FoFi)
 12310 | D:9      | Noticed a cyclops
 12459 | D:9      | Reached skill level 5 in Invocations
 12759 | D:10     | Entered Level 10 of the Dungeon
 13197 | D:10     | Noticed an ice statue
 13208 | D:10     | Reached skill level 1 in Evocations
 13246 | D:10     | Reached skill level 8 in Fighting
 13435 | D:10     | Reached skill level 6 in Invocations
 13510 | D:10     | Received a gift from Okawaru
 13787 | D:10     | Noticed a necromancer
 14232 | D:9      | Found a runed translucent gate.
 14232 | D:9      | Found a runed translucent gate.
 14232 | D:9      | Found a runed translucent gate.
 14235 | D:9      | Found an opulent altar of Gozag.
 15302 | D:10     | Reached ***** piety under Okawaru
 15458 | D:10     | Killed a necromancer
 15459 | D:10     | Reached skill level 3 in Dodging
 15459 | D:10     | Reached XP level 11. HP: 91/95 MP: 16/16
 15521 | D:10     | HP: 10/95 [polar bear simulacrum (24)]
 16170 | D:10     | Reached skill level 7 in Invocations
 16735 | D:10     | Reached skill level 14 in Ranged Weapons
 16735 | D:10     | Reached skill level 3 in Throwing
 17257 | D:11     | Received a gift from Okawaru
 17318 | D:10     | Reached skill level 15 in Ranged Weapons
 17477 | D:11     | Found a runed translucent gate.
 17478 | D:11     | Found a runed translucent gate.
 17478 | D:11     | Noticed kae's ghost (journeyman TeFE)
 17478 | D:11     | Noticed a 12-headed hydra
 17479 | D:11     | Found a runed translucent gate.
 18091 | D:11     | Received a gift from Okawaru
 18290 | D:11     | Reached skill level 16 in Ranged Weapons
 18573 | D:11     | Found a staircase to the Lair.
 18756 | Lair:1   | Entered Level 1 of the Lair of Beasts
 19008 | Lair:1   | Reached skill level 9 in Fighting
 19858 | Lair:1   | Found a radiant altar of Vehumet.
 20300 | Lair:2   | Received a gift from Okawaru
 20422 | Lair:2   | Reached skill level 4 in Dodging
 20473 | Lair:2   | Reached skill level 10 in Fighting
 20759 | Lair:2   | Reached XP level 12. HP: 83/106 MP: 17/17
 21257 | Lair:2   | Reached skill level 5 in Dodging
 21273 | Lair:2   | Noticed a seven-headed hydra
 21299 | Lair:2   | Found a staircase to the Swamp.
 21422 | Lair:2   | Killed a seven-headed hydra
 21643 | Lair:2   | Reached skill level 11 in Fighting
 21804 | Lair:2   | Received a gift from Okawaru
 21927 | Lair:3   | Noticed Amaemon
 21947 | Lair:3   | Killed Amaemon
 21948 | Lair:3   | Reached skill level 6 in Dodging
 22008 | Lair:3   | Noticed a death yak
 22008 | Lair:3   | Noticed a death yak
 22010 | Lair:3   | Noticed a death yak
 22045 | Lair:2   | Killed a death yak
 22254 | Lair:3   | Noticed a death yak
 22281 | Lair:3   | Killed a death yak
 22282 | Lair:3   | Reached skill level 12 in Fighting
 22330 | Lair:2   | Killed a death yak
 22475 | Lair:2   | Killed a death yak
 22475 | Lair:2   | Identified the +9 dire flail "Ynepoh" {freeze, rElec rC-
                  | Int+6} (Okawaru gifted it to you on level 2 of the Lair of
                  | Beasts)
 22475 | Lair:2   | Received a gift from Okawaru
 22476 | Lair:2   | Reached skill level 2 in Evocations
 22718 | Lair:3   | Reached skill level 4 in Throwing
 23235 | Lair:3   | Identified the +0 helmet of the Tarantula {Will+ Int+4}
 23324 | Lair:3   | Noticed a boulder beetle
 23357 | Lair:3   | Killed a boulder beetle
 23549 | Lair:4   | Reached XP level 13. HP: 111/119 MP: 18/18
 23671 | Lair:4   | Reached skill level 8 in Invocations
 23784 | Lair:4   | Reached skill level 3 in Evocations
 24247 | Lair:4   | Reached skill level 5 in Throwing
 24572 | Lair:4   | Found a staircase to the Snake Pit.
 24726 | Lair:4   | Received a gift from Okawaru
 25231 | Lair:4   | Reached skill level 4 in Evocations
 25348 | Lair:5   | Reached skill level 7 in Dodging
 25377 | Lair:5   | Received a gift from Okawaru
 25772 | Lair:4   | Reached skill level 9 in Invocations
 25940 | Lair:4   | Found a staircase to the Snake Pit.
 26541 | Lair:4   | Reached skill level 13 in Fighting
 26796 | Lair:5   | Reached ****** piety under Okawaru
 27026 | Lair:4   | Reached skill level 5 in Evocations
 27154 | Lair:5   | Noticed a fire dragon
 27999 | Lair:5   | Killed a fire dragon
 28250 | Lair:5   | Received a gift from Okawaru
 28431 | Lair:5   | Reached XP level 14. HP: 129/129 MP: 21/21
 28749 | Lair:5   | Found a staircase to the Slime Pits.
 28913 | Lair:6   | Entered Level 6 of the Lair of Beasts
 29009 | Lair:5   | Reached skill level 17 in Ranged Weapons
 29023 | Lair:5   | Received a gift from Okawaru
 29390 | Lair:6   | Reached skill level 18 in Ranged Weapons
 29390 | Lair:6   | Reached skill level 10 in Invocations
 29393 | Lair:6   | Reached skill level 2 in Armour
 29527 | Lair:6   | Received a gift from Okawaru
 29938 | Lair:6   | Reached skill level 8 in Dodging
 30275 | Lair:6   | Reached skill level 3 in Armour
 30314 | Lair:6   | Received a gift from Okawaru
 30330 | Lair:6   | Reached skill level 6 in Evocations
 30442 | Lair:6   | Reached skill level 14 in Fighting
 30517 | Lair:6   | Identified the +1 robe "Ziet" {rElec} (Okawaru gifted it to
                  | you on level 6 of the Lair of Beasts)
 30517 | Lair:6   | Received a gift from Okawaru
 30755 | Lair:6   | Identified the ring of Ydoqon {rElec rF+ Will+ Int+6}
 31180 | Lair:6   | Reached skill level 15 in Fighting
 31373 | Lair:6   | Found a corrupted altar of Lugonu.
 31373 | Lair:6   | Found a one-way gate to the infinite horrors of the Abyss.
 31688 | D:12     | Found a staircase to the Orcish Mines.
 31784 | D:12     | Reached XP level 15. HP: 141/141 MP: 22/22
 32104 | D:12     | Identified the +1 barding of Erirph {Fly rC+} (Okawaru
                  | gifted it to you on level 12 of the Dungeon)
 32104 | D:12     | Received a gift from Okawaru
 32106 | D:12     | Noticed Psyche
 32138 | D:12     | Killed Psyche
 32178 | D:12     | Found a gate leading to a gauntlet.
 32185 | Gauntlet | Entered a Gauntlet
 32185 | Gauntlet | Found a runed translucent door.
 32185 | Gauntlet | Found a transporter.
 32185 | Gauntlet | Found a runed translucent door.
 32208 | Gauntlet | Found a transporter.
 32211 | Gauntlet | Found a transporter.
 32220 | Gauntlet | Found a runed translucent door.
 32225 | Gauntlet | Found a transporter.
 32231 | Gauntlet | Found a transporter.
 32244 | Gauntlet | Found a transporter.
 32251 | Gauntlet | Found a transporter.
 32262 | Gauntlet | Found a transporter.
 32271 | Gauntlet | Found a runed translucent gate.
 32272 | Gauntlet | Found a transporter.
 32272 | Gauntlet | Found a runed translucent gate.
 32273 | Gauntlet | Found a runed translucent gate.
 32276 | Gauntlet | Found a transporter.
 32276 | Gauntlet | Found a transporter.
 32278 | Gauntlet | Found a transporter.
 32309 | Gauntlet | Found a transporter.
 32363 | Gauntlet | Found a transporter.
 33075 | Orc:1    | Entered Level 1 of the Orcish Mines
 33215 | Orc:2    | Entered Level 2 of the Orcish Mines
 33220 | Orc:2    | Noticed Snorg
 33232 | Orc:2    | Killed Snorg
 33264 | Orc:2    | Found a staircase to the Elven Halls.
 33560 | Orc:2    | Reached skill level 4 in Armour
 33635 | Orc:1    | You fall into a shaft and drop 1 floor!
 33962 | Orc:1    | Reached skill level 7 in Evocations
 34580 | Orc:2    | Received a gift from Okawaru
 34641 | Orc:2    | Received a gift from Okawaru
 34688 | Orc:2    | Received a gift from Okawaru
 34695 | Orc:2    | Reached skill level 5 in Armour
 34702 | Orc:2    | Reached skill level 9 in Dodging
 34765 | Orc:2    | Found Qimet's Armour Boutique.
 34765 | Orc:2    | Found Rempuafo's General Store.
 34766 | Orc:2    | Found Syffoecw's Antique Armour Emporium.
 34766 | Orc:2    | Found Oryil's Assorted Antiques.
 34776 | Orc:2    | Bought a scroll of teleportation for 111 gold pieces
 34776 | Orc:2    | Bought a scroll of enchant armour for 277 gold pieces
 34776 | Orc:2    | Bought a potion of curing for 111 gold pieces
 34777 | Orc:2    | Bought a wand of roots (8) for 288 gold pieces
 34777 | Orc:2    | Bought a potion of mutation for 120 gold pieces
 34777 | Orc:2    | Bought a scroll of acquirement for 780 gold pieces
 34777 | Orc:2    | Bought a wand of roots (4) for 144 gold pieces
 34777 | Orc:2    | Bought a scroll of identify for 30 gold pieces
 34777 | Orc:2    | Bought a wand of flame (14) for 147 gold pieces
 34777 | Orc:2    | Acquired a +2 longbow of draining
 35404 | D:13     | Found a sparkling altar of Nemelex Xobeh.
 35557 | D:14     | Noticed Urug
 35557 | D:14     | Noticed Rupert
 35557 | D:14     | Noticed an entropy weaver
 35557 | D:14     | Found a gate to the Vaults.
 35558 | D:14     | an entropy weaver changed into something unseen
 35875 | D:14     | Killed Rupert
 35891 | D:14     | Reached skill level 19 in Ranged Weapons
 36077 | D:14     | Received a gift from Okawaru
 36392 | D:14     | Reached XP level 16. HP: 149/151 MP: 23/23
 36500 | D:14     | Killed Urug
 36632 | D:14     | Noticed Kirke
 36650 | D:14     | Killed Kirke
 36650 | D:14     | Received a gift from Okawaru
 36710 | D:14     | Reached skill level 20 in Ranged Weapons
 36939 | D:15     | Entered Level 15 of the Dungeon
 37419 | D:15     | Identified the -2 hat of Immorality {Int+3 Dex+3 Slay+3}
                  | (Okawaru gifted it to you on level 15 of the Dungeon)
 37419 | D:15     | Received a gift from Okawaru
 37583 | D:15     | Found a staircase to the Depths.
 37700 | D:15     | Reached skill level 21 in Ranged Weapons
 37760 | D:15     | Identified the +8 sling "Zailunu" {elec, Int+4}
 38153 | D:15     | Found a runed translucent door.
 38356 | D:15     | Upgraded the game from 0.30-a0-567-gf7fd966b4a to
                  | 0.30-a0-576-g89cddaab80
 38483 | Elf:1    | Entered Level 1 of the Elven Halls
 38965 | Elf:1    | Reached skill level 22 in Ranged Weapons
 39051 | Elf:1    | Reached skill level 8 in Evocations
 39076 | Elf:1    | Got the Tractate on Bolts
 39286 | Elf:1    | Identified the +2 robe of the Pleiades {rC++ rN+} (Okawaru
                  | gifted it to you on level 1 of the Elven Halls)
 39286 | Elf:1    | Received a gift from Okawaru
 39399 | Elf:1    | Reached skill level 16 in Fighting
 40650 | Elf:1    | Found a radiant altar of Vehumet.
 40685 | Elf:2    | Found a runed translucent gate.
 40685 | Elf:2    | Found a runed translucent gate.
 40692 | Elf:2    | Found a runed translucent gate.
 40823 | Elf:2    | Paralysed by an air elemental for 1 turns
 41134 | Elf:2    | Received a gift from Okawaru
 41135 | Elf:2    | Reached skill level 9 in Evocations
 41138 | Elf:2    | HP: 37/152 [poisoned by a +0 glaive of venom]
 41143 | Elf:2    | HP: 25/152 [poisoned by a +0 glaive of venom]
 41148 | Elf:2    | HP: 23/152 [poisoned by a +0 glaive of venom]
 41516 | Elf:2    | Found Daettuc's Antique Armour Emporium.
 42148 | Elf:2    | Reached XP level 17. HP: 159/159 MP: 24/24
 42301 | Elf:2    | Identified the +10 shortbow of Jydazxuth {elec, Contam
                  | +Blink rCorr SInv} (Okawaru gifted it to you on level 2 of
                  | the Elven Halls)
 42301 | Elf:2    | Received a gift from Okawaru
 42362 | Elf:1    | Reached skill level 10 in Dodging
 42992 | Swamp:1  | Entered Level 1 of the Swamp
 43014 | Lair:2   | HP: 38/160 [alligator (4)]
 43414 | Swamp:1  | Reached skill level 17 in Fighting
 43423 | Swamp:1  | Reached skill level 10 in Evocations
 43621 | Swamp:1  | Received a gift from Okawaru
 43969 | Swamp:2  | Received a gift from Okawaru
 44531 | Swamp:3  | Received a gift from Okawaru
 44915 | Swamp:3  | Noticed Louise
 44922 | Swamp:3  | Killed Louise
 45314 | Swamp:3  | Noticed Nikola
 45330 | Swamp:3  | Killed Nikola
 46017 | Swamp:3  | p0werm0de:
                  | https://cdn.discordapp.com/attachments/772457727221825536/1
                  | 058324662003712050/mirzelb0.png
 46048 | Swamp:4  | Entered Level 4 of the Swamp
 46053 | Swamp:4  | Reached skill level 23 in Ranged Weapons
 46130 | Swamp:4  | p0werm0de:
                  | https://cdn.discordapp.com/attachments/654401898031480852/1
                  | 048217933840662538/p0djinn2.png
 46542 | Swamp:4  | hittemvvvvvvvvhard: ohi
 46687 | Arena    | Entered the Arena
 46730 | Swamp:4  | HP: 33/161 [thorn hunter/volley of thorns (29)]
 47212 | Swamp:4  | Reached skill level 24 in Ranged Weapons
 47236 | Swamp:4  | Reached XP level 18. HP: 87/170 MP: 19/25
 47242 | Swamp:4  | Received a gift from Okawaru
 47672 | Swamp:4  | Received a gift from Okawaru
 47747 | Swamp:4  | Got a decaying rune of Zot
 48154 | Snake:1  | Entered Level 1 of the Snake Pit
 48155 | Snake:1  | Upgraded the game from 0.30-a0-576-g89cddaab80 to
                  | 0.30-a0-578-gdee14c521f
 48322 | Snake:1  | Found a transporter.
 48339 | Snake:1  | Noticed wjtupper's ghost (adept MiHu)
 48360 | Snake:1  | Identified the +7 chain mail "Lech" {+Inv Stlth+}
 48417 | Snake:1  | Reached skill level 25 in Ranged Weapons
 48675 | Snake:1  | Noticed a Hell Sentinel
 48678 | Snake:1  | Found a transporter.
 49252 | Snake:2  | Received a gift from Okawaru
 49890 | Snake:3  | Identified the +9 dagger "Huwob" {vamp, Dex+4}
 49908 | Snake:3  | Noticed Vashnia
 49917 | Snake:3  | Noticed zero's ghost (adept GrEE)
 50056 | Snake:3  | Reached skill level 26 in Ranged Weapons
 50066 | Snake:3  | Killed Vashnia
 50856 | Snake:3  | Found Lisaihacs's Antique Armour Shoppe.
 50864 | Snake:3  | Bought a pair of twisted gloves for 209 gold pieces
 50864 | Snake:3  | Identified the +2 pair of gloves of the Volcano {Will+
                  | Regen+} (You bought it in a shop on level 3 of the Snake
                  | Pit)
 50954 | Snake:3  | Reached skill level 11 in Evocations
 51091 | Snake:3  | Found a transporter.
 51344 | Snake:3  | Found a transporter.
 51579 | Snake:3  | Received a gift from Okawaru
 51803 | Snake:4  | Entered Level 4 of the Snake Pit
 52118 | Snake:4  | Identified the +3 barding of Vanity {Will+ Int+4} (Okawaru
                  | gifted it to you on level 4 of the Snake Pit)
 52118 | Snake:4  | Received a gift from Okawaru
 52288 | Snake:4  | Reached skill level 18 in Fighting
 52392 | Snake:4  | Reached XP level 19. HP: 174/179 MP: 26/26
 52495 | Snake:4  | Found Muremmats's Antique Weapon Shop.
 52498 | Snake:4  | Found Pitonah's Antique Armour Boutique.
 52500 | Snake:4  | Found Nunlorob's Magic Scroll Shop.
 52506 | Snake:4  | Bought a brightly glowing robe for 193 gold pieces
 52506 | Snake:4  | Identified the +0 robe "Wechy" {Will+ Stlth+ Archmagi} (You
                  | bought it in a shop on level 4 of the Snake Pit)
 52508 | Snake:4  | Bought a scroll of teleportation for 63 gold pieces
 52508 | Snake:4  | Bought a scroll of fear for 84 gold pieces
 52508 | Snake:4  | Bought 2 scrolls of magic mapping for 315 gold pieces
 52508 | Snake:4  | Bought a scroll of fog for 84 gold pieces
 52508 | Snake:4  | Bought a scroll of blinking for 157 gold pieces
 52508 | Snake:4  | Bought a scroll of teleportation for 63 gold pieces
 52742 | Snake:4  | Noticed Agnes
 52747 | Snake:4  | Killed Agnes
 52748 | Snake:4  | Reached skill level 11 in Dodging
 52898 | Snake:4  | Reached skill level 12 in Evocations
 53224 | Snake:4  | Received a gift from Okawaru
 53408 | Snake:4  | Got a serpentine rune of Zot
 53872 | Elf:3    | Entered Level 3 of the Elven Halls
 53888 | Elf:3    | Noticed a deep elf sorcerer
 53902 | Elf:3    | Received a gift from Okawaru
 53906 | Elf:3    | Acquired the +10 Black Knight's barding {ponderous, rPois
                  | rN+}
 53906 | Elf:3    | Found the +10 Black Knight's barding {ponderous, rPois rN+}
 53989 | Elf:3    | Got the Spellbook of Virous Apparitions
 54029 | Elf:3    | Noticed a deep elf sorcerer
 54031 | Elf:3    | Killed a deep elf sorcerer
 54078 | Elf:3    | Noticed a deep elf sorcerer
 54078 | Elf:3    | Noticed a deep elf sorcerer
 54081 | Elf:3    | Killed a deep elf sorcerer
 54081 | Elf:3    | Received a gift from Okawaru
 54087 | Elf:3    | Killed a deep elf sorcerer
 54096 | Elf:3    | Killed a deep elf sorcerer
 54113 | Elf:3    | Noticed a deep elf demonologist
 54120 | Elf:3    | Killed a deep elf demonologist
 54120 | Elf:3    | Received a gift from Okawaru
 54145 | Elf:3    | Noticed a deep elf sorcerer
 54151 | Elf:3    | Noticed a deep elf demonologist
 54155 | Elf:3    | Killed a deep elf demonologist
 54159 | Elf:3    | Noticed a deep elf sorcerer
 54161 | Elf:3    | Killed a deep elf sorcerer
 54169 | Elf:3    | Noticed a deep elf sorcerer
 54171 | Elf:3    | Killed a deep elf sorcerer
 54172 | Elf:3    | Reached skill level 19 in Fighting
 54181 | Elf:3    | Noticed a deep elf demonologist
 54182 | Elf:3    | Killed a deep elf demonologist
 54186 | Elf:3    | Noticed a deep elf sorcerer
 54192 | Elf:3    | Killed a deep elf sorcerer
 54193 | Elf:3    | Killed a deep elf sorcerer
 54194 | Elf:3    | Reached skill level 13 in Evocations
 54221 | Elf:3    | Received a gift from Okawaru
 54329 | Elf:3    | Reached skill level 12 in Dodging
 54347 | Elf:3    | Got Borywozy's Papyrus of the Transforming Blaze
 54380 | Elf:3    | Identified the +0 helmet "Ixidiv" {Harm Rampage rF- Dex-4}
 54383 | Elf:3    | Noticed a deep elf demonologist
 54390 | Elf:3    | Killed a deep elf demonologist
 54423 | Elf:3    | Noticed a deep elf sorcerer
 54426 | Elf:3    | Killed a deep elf sorcerer
 54431 | Elf:3    | Identified the +2 robe "Oqin" {rElec Will++ Stlth-}
                  | (Okawaru gifted it to you on level 3 of the Elven Halls)
 54431 | Elf:3    | Received a gift from Okawaru
 54679 | Elf:3    | Reached XP level 20. HP: 191/191 MP: 27/27
 54773 | Elf:3    | Paralysed by an air elemental for 1 turns
 55442 | Vaults:1 | Entered Level 1 of the Vaults
 55790 | Vaults:1 | Found a magical portal.
 55807 | WizLab   | Entered The Roulette of Golubria
 55807 | WizLab   | Found a transporter.
 55810 | WizLab   | Found the +2 cloak of the Thief {*Fog Slay-2 SInv Stlth+}
 55810 | WizLab   | Found a corrupted altar of Lugonu.
 55896 | WizLab   | Found a transporter.
 55945 | WizLab   | Found a transporter.
 55972 | WizLab   | Found a transporter.
 56035 | WizLab   | Found a transporter.
 56035 | WizLab   | Found a transporter.
 56089 | WizLab   | Found a transporter.
 56104 | WizLab   | Found a transporter.
 56145 | WizLab   | Found a transporter.
 56237 | WizLab   | Found a transporter.
 56237 | WizLab   | Found a transporter.
 56283 | WizLab   | Reached skill level 14 in Evocations
 56329 | WizLab   | Identified the +1 cloak of Moer {Str+4 Stlth+}
 56335 | WizLab   | Identified the +2 cloak of Bustra {Fly rF- rC+}
 56370 | WizLab   | Found a transporter.
 56385 | WizLab   | Reached skill level 6 in Armour
 56425 | WizLab   | Found a transporter.
 56425 | WizLab   | Found a transporter.
 56441 | WizLab   | Received a gift from Okawaru
 56486 | WizLab   | Found a transporter.
 56486 | WizLab   | Found a transporter.
 56515 | WizLab   | Found a transporter.
 56515 | WizLab   | Found a transporter.
 56521 | WizLab   | Reached skill level 20 in Fighting
 56551 | WizLab   | Found a transporter.
 56551 | WizLab   | Found a transporter.
 56928 | Vaults:1 | Noticed Aizul
 56963 | Vaults:1 | Killed Aizul
 57386 | Vaults:1 | Reached skill level 15 in Evocations
 57818 | Vaults:1 | Received a gift from Okawaru
 58279 | Vaults:2 | Noticed an entropy weaver
 58288 | Vaults:2 | Killed an entropy weaver
 58376 | Vaults:2 | Noticed an ancient lich
 58389 | Vaults:2 | Identified the +1 kite shield of the Fletcher {rF- Regen+
                  | Dex+4 Stlth+} (Okawaru gifted it to you on level 2 of the
                  | Vaults)
 58389 | Vaults:2 | Received a gift from Okawaru
 58421 | Vaults:2 | Killed an ancient lich
 58431 | Vaults:2 | Noticed a deep elf demonologist
 58433 | Vaults:2 | Killed a deep elf demonologist
 58466 | Vaults:2 | Found Plog's Weapon Shop.
 58563 | Vaults:2 | Noticed a lich
 58566 | Vaults:2 | Killed a lich
 58567 | Vaults:2 | Reached XP level 21. HP: 201/201 MP: 28/28
 58583 | Vaults:2 | Found a radiant altar of Vehumet.
 58607 | Vaults:2 | Identified the -2 hat of Zin {Int+2}
 59163 | Vaults:2 | Reached skill level 6 in Throwing
 59186 | Vaults:2 | Found a staircase to the Crypt.
 59287 | Vaults:2 | Reached skill level 11 in Invocations
 59627 | Vaults:3 | Identified the +2 robe of the Ward {rPois rC+ rN++ Dex-2}
                  | (Okawaru gifted it to you on level 3 of the Vaults)
 59627 | Vaults:3 | Received a gift from Okawaru
 59783 | Vaults:3 | Noticed an entropy weaver
 59786 | Vaults:3 | Killed an entropy weaver
 60249 | Vaults:3 | Noticed an entropy weaver
 60253 | Vaults:3 | Killed an entropy weaver
 60550 | Vaults:3 | Found Nihe's Antique Armour Shoppe.
 60629 | Vaults:3 | Noticed Saint Roka
 60665 | Vaults:3 | Killed Saint Roka
 60982 | Vaults:4 | Acquired a manual of Armour
 61006 | Vaults:4 | Reached skill level 7 in Armour
 61144 | Vaults:4 | Received a gift from Okawaru
 61178 | Vaults:4 | Reached skill level 8 in Armour
 61476 | Vaults:4 | Reached skill level 9 in Armour
 61528 | Vaults:4 | Received a gift from Okawaru
 61531 | Vaults:4 | Reached XP level 22. HP: 204/211 MP: 30/30
 61739 | Vaults:4 | Reached skill level 10 in Armour
 61757 | Vaults:4 | Noticed an entropy weaver
 61760 | Vaults:4 | Killed an entropy weaver
 61783 | Vaults:4 | Identified the +1 robe of the Desert {rC+ Dex+2}
 61834 | Vaults:4 | Found a huge runed gate.
 61834 | Vaults:4 | Found a huge runed gate.
 61834 | Vaults:4 | Found a huge runed gate.
 61834 | Vaults:4 | Found a huge runed gate.
 61834 | Vaults:4 | Found a huge runed gate.
 61835 | Vaults:4 | Found a huge runed gate.
 61835 | Vaults:4 | Found a huge runed gate.
 61835 | Vaults:4 | Found a huge runed gate.
 61835 | Vaults:4 | Found a huge runed gate.
 61837 | Vaults:4 | Found a huge runed gate.
 61837 | Vaults:4 | Found a huge runed gate.
 61837 | Vaults:4 | Found a huge runed gate.
 61837 | Vaults:4 | Found a huge runed gate.
 61837 | Vaults:4 | Found a huge runed gate.
 61837 | Vaults:4 | Found a huge runed gate.
 61838 | Vaults:4 | Found a huge runed gate.
 61839 | Vaults:4 | Found a huge runed gate.
 61840 | Vaults:4 | Found a huge runed gate.
 61849 | Vaults:4 | Found a huge runed gate.
 61849 | Vaults:4 | Found a huge runed gate.
 61849 | Vaults:4 | Found a huge runed gate.
 61849 | Vaults:4 | Found a huge runed gate.
 61849 | Vaults:4 | Found a huge runed gate.
 61859 | Vaults:4 | Found a huge runed gate.
 61860 | Vaults:4 | Found a huge runed gate.
 61861 | Vaults:4 | Found a huge runed gate.
 61879 | Vaults:4 | Found a huge runed gate.
 61879 | Vaults:4 | Found a huge runed gate.
 61879 | Vaults:4 | Found a huge runed gate.
 61879 | Vaults:4 | Found a huge runed gate.
 61880 | Vaults:4 | Found a huge runed gate.
 61881 | Vaults:4 | Found a huge runed gate.
 61882 | Vaults:4 | Found a huge runed gate.
 61883 | Vaults:4 | Found a huge runed gate.
 61884 | Vaults:4 | Found a huge runed gate.
 61885 | Vaults:4 | Found a huge runed gate.
 62038 | Vaults:4 | Reached skill level 27 in Ranged Weapons
 62155 | Vaults:4 | Noticed a golden dragon
 62303 | Vaults:4 | Reached skill level 11 in Armour
 62349 | Vaults:4 | Killed a golden dragon
 62360 | Vaults:4 | Noticed a deep elf demonologist
 62362 | Vaults:4 | Killed a deep elf demonologist
 63219 | Vaults:2 | Noticed a caustic shrike
 63222 | Vaults:2 | a caustic shrike changed into an iron dragon
 63482 | Slime:1  | Entered Level 1 of the Pits of Slime
 63487 | Slime:1  | Received a gift from Okawaru
 63492 | Slime:1  | Reached skill level 12 in Armour
 64098 | Slime:1  | Identified the +9 arbalest of the Sheltering Gods {freeze,
                  | +Blink Fly rF++ Int-2} (Okawaru gifted it to you on level 1
                  | of the Pits of Slime)
 64098 | Slime:1  | Received a gift from Okawaru
 64158 | Slime:3  | Noticed Dissolution
 64169 | Slime:2  | Paralysed by a floating eye for 4 turns
 64315 | Slime:1  | Gained mutation: You occasionally lose the ability to read
                  | scrolls when taking damage. [a shining eye]
 64453 | Slime:1  | Reached skill level 13 in Armour
 64737 | Slime:2  | Killed Dissolution
 65271 | Slime:4  | Received a gift from Okawaru
 65406 | Slime:4  | Lost mutation: You occasionally lose the ability to read
                  | scrolls when taking damage. [potion of mutation]
 65406 | Slime:4  | Gained mutation: Your spells are a little harder to cast,
                  | but a little more powerful. [potion of mutation]
 65418 | Slime:5  | Entered Level 5 of the Pits of Slime
 65524 | Slime:5  | Gained mutation: You are occasionally teleported next to
                  | monsters. [a shining eye]
 65528 | Slime:5  | Gained mutation: You have hidden genetic defects. [a
                  | shining eye]
 65532 | Slime:4  | Lost mutation: You are occasionally teleported next to
                  | monsters. [potion of mutation]
 65532 | Slime:4  | Lost mutation: You have hidden genetic defects. [potion of
                  | mutation]
 65532 | Slime:4  | Gained mutation: You have a pair of small horns on your
                  | head. [potion of mutation]
 65532 | Slime:4  | Gained mutation: You have sharp fingernails. [potion of
                  | mutation]
 65533 | Slime:4  | Lost mutation: Your spells are a little harder to cast, but
                  | a little more powerful. [potion of mutation]
 65533 | Slime:4  | Lost mutation: You have a pair of small horns on your head.
                  | [potion of mutation]
 65533 | Slime:4  | Gained mutation: You are vulnerable to heat. (rF-) [potion
                  | of mutation]
 65533 | Slime:4  | Gained mutation: You are weak. (Str -2) [potion of
                  | mutation]
 65533 | Slime:4  | Gained mutation: You have a pair of small horns on your
                  | head. [potion of mutation]
 65533 | Slime:4  | Gained mutation: You are partially covered in iridescent
                  | scales. (AC +2) [potion of mutation]
 65534 | Slime:4  | Lost mutation: You have sharp fingernails. [potion of
                  | mutation]
 65534 | Slime:4  | Lost mutation: You are partially covered in iridescent
                  | scales. (AC +2) [potion of mutation]
 65534 | Slime:4  | Gained mutation: You have very sharp teeth. [potion of
                  | mutation]
 65534 | Slime:4  | Gained mutation: You occasionally lose the ability to read
                  | scrolls when taking damage. [potion of mutation]
 65535 | Slime:4  | Lost mutation: You have a pair of small horns on your head.
                  | [potion of mutation]
 65535 | Slime:4  | Lost mutation: You are vulnerable to heat. (rF-) [potion of
                  | mutation]
 65535 | Slime:4  | Gained mutation: Your flesh is heat resistant. (rF+)
                  | [potion of mutation]
 65535 | Slime:4  | Gained mutation: You have a pair of small horns on your
                  | head. [potion of mutation]
 66041 | Slime:5  | Reached skill level 14 in Armour
 66042 | Slime:5  | Noticed the Royal Jelly
 66104 | Slime:5  | Received a gift from Okawaru
 66347 | Arena    | Entered the Arena
 66358 | Arena    | Killed the Royal Jelly
 66370 | Slime:5  | HP: 50/211 [rockslime[the Royal Jelly] (5)]
 66586 | Slime:5  | Identified the +1 robe of Ignis's Esteem {-Cast Fly rF++
                  | Stlth-}
 66664 | Slime:5  | Got a slimy rune of Zot
 67373 | Depths:1 | Entered Level 1 of the Depths
 67391 | Depths:1 | Found Xuesos's General Store.
 67451 | Depths:1 | Received a gift from Okawaru
 67576 | Depths:1 | Reached skill level 15 in Armour
 67586 | Depths:1 | Reached XP level 23. HP: 217/217 MP: 27/31
 67701 | Depths:1 | Noticed a lich
 67711 | Depths:1 | Killed a lich
 67810 | Depths:1 | Reached skill level 12 in Invocations
 67847 | Depths:1 | Found a transporter.
 67888 | Depths:1 | Noticed Asterion
 67910 | Depths:1 | Killed Asterion
 67934 | Depths:1 | Found a portal to a secret trove of treasure.
 68042 | Depths:1 | You paid a toll of 4 scrolls of fear to enter a treasure
                  | trove
 68043 | Trove    | Entered a treasure trove
 68063 | Trove    | Identified the amulet "Dolud" {Acrobat rF++}
 68067 | Trove    | Identified the +4 hat of Nepokh {Slay+5}
 68159 | Depths:1 | Found a one-way gate leading to the halls of Pandemonium.
 68182 | Depths:1 | Received a gift from Okawaru
 68187 | Depths:1 | Reached skill level 16 in Evocations
 68340 | Depths:1 | Found a gateway to Hell.
 68666 | Depths:1 | Reached skill level 13 in Dodging
 68667 | Depths:1 | Found a transporter.
 68930 | Depths:2 | Noticed Pidgh's ghost (adept TeFi)
 69096 | Depths:2 | Reached skill level 21 in Fighting
 69250 | Depths:2 | Found a runed translucent door.
 69278 | Depths:2 | Identified the +7 longbow of Okawaru's Envy {freeze, Int+5}
                  | (Okawaru gifted it to you on level 2 of the Depths)
 69278 | Depths:2 | Received a gift from Okawaru
 69452 | Depths:2 | Found Zilecs's Vocational Training.
 70254 | Depths:3 | Found a stormy altar of Qazlal.
 70372 | Depths:3 | Reached skill level 13 in Invocations
 70385 | Depths:3 | Identified the +6 longbow "Pet Erehyob" {freeze, Str+7
                  | Dex+2} (Okawaru gifted it to you on level 3 of the Depths)
 70385 | Depths:3 | Received a gift from Okawaru
 70637 | Depths:3 | Noticed a lich
 70645 | Depths:3 | Killed a lich
 70853 | Depths:3 | Found a corrupted altar of Lugonu.
 71090 | Depths:3 | Found a hazy altar of Hepliaklqana.
 71260 | Depths:3 | Received a gift from Okawaru
 71569 | Depths:4 | Reached XP level 24. HP: 175/228 MP: 32/33
 71895 | Depths:4 | Found a gate to the Realm of Zot.
 72080 | Depths:4 | Reached skill level 14 in Invocations
 72082 | Depths:4 | Received a gift from Okawaru
 72083 | Depths:4 | Reached skill level 17 in Evocations
 72168 | Depths:4 | Received a gift from Okawaru
 72168 | Depths:4 | Noticed a caustic shrike
 72180 | Depths:4 | Killed a caustic shrike
 72277 | Depths:4 | Identified the +7 trident "Kuepp" {freeze, SInv}
 72315 | Depths:4 | Noticed a caustic shrike
 72331 | Depths:4 | Killed a caustic shrike
 72536 | Depths:4 | Reached skill level 14 in Dodging
 72781 | Depths:4 | Found Kekabb's One-of-a-Kind Books.
 72789 | Depths:4 | Identified the +4 shortbow of the Forging Puffin {heavy,
                  | MP+9} (Okawaru gifted it to you on level 4 of the Depths)
 72789 | Depths:4 | Received a gift from Okawaru
 73141 | Orc:2    | Bought runed pearl dragon scales for 2858 gold pieces
 73406 | Zot:1    | Entered Level 1 of the Realm of Zot
 73489 | Zot:1    | Noticed Grunn
 73502 | Zot:1    | Killed Grunn
 73572 | Zot:1    | Noticed a Tzitzimitl
 73575 | Depths:4 | Noticed a Tzitzimitl
 73702 | Depths:4 | Killed a Tzitzimitl
 73788 | Zot:1    | Killed a Tzitzimitl
 73989 | Zot:1    | Noticed a Tzitzimitl
 73989 | Zot:1    | Identified the +0 hat of a ziggurat {rF+ rC- Int+3 Stlth+}
                  | (Okawaru gifted it to you on level 1 of the Realm of Zot)
 73989 | Zot:1    | Received a gift from Okawaru
 73990 | Zot:1    | Reached skill level 22 in Fighting
 73996 | Arena    | Entered the Arena
 73998 | Arena    | Killed a Tzitzimitl
 74261 | Zot:1    | Reached skill level 15 in Invocations
 74537 | Zot:3    | Identified the +9 chain mail of Zueng {Slay+6}
 74797 | Zot:5    | Entered Level 5 of the Realm of Zot
 75207 | Zot:5    | Reached XP level 25. HP: 195/240 MP: 32/34
 75213 | Zot:5    | Reached skill level 18 in Evocations
 75904 | Zot:5    | Received a gift from Okawaru
 76268 | Zot:5    | Noticed a dread lich
 76271 | Zot:5    | Killed a dread lich
 76379 | Zot:5    | Noticed an orb of fire
 76382 | Zot:5    | Gained mutation: Your body sometimes deteriorates upon
                  | taking damage. [an orb of fire]
 76383 | Zot:5    | Gained mutation: You have hidden genetic defects. [an orb
                  | of fire]
 76386 | Zot:5    | Gained mutation: You occasionally lose the ability to drink
                  | potions when taking damage. [an orb of fire]
 76393 | Zot:5    | Killed an orb of fire
 76421 | Zot:5    | Received a gift from Okawaru
 76636 | Zot:5    | Noticed an ancient lich
 76639 | Zot:5    | Reached skill level 15 in Dodging
 76647 | Zot:5    | Killed an ancient lich
 76647 | Zot:5    | Received a gift from Okawaru
 76649 | Zot:5    | Noticed a dread lich
 76656 | Zot:5    | Killed a dread lich
 76716 | Zot:5    | Reached skill level 16 in Armour
 76894 | Zot:5    | Noticed a Killer Klown
 76905 | Zot:5    | Killed a Killer Klown
 76972 | Zot:5    | Noticed an ancient lich
 76980 | Zot:5    | Killed an ancient lich
 77551 | Zot:5    | Noticed a dread lich
 77563 | Zot:5    | Killed a dread lich
 77563 | Zot:5    | Identified the +7 arbalest of the Growing Bear {flame,
                  | rElec} (Okawaru gifted it to you on level 5 of the Realm of
                  | Zot)
 77563 | Zot:5    | Received a gift from Okawaru
 77565 | Zot:5    | Noticed a Killer Klown
 77577 | Zot:5    | Killed a Killer Klown
 77589 | Zot:5    | Gained mutation: You are dopey. (Int -2) [hidden defects]
 77613 | Zot:5    | Reached skill level 23 in Fighting
 78165 | Zot:5    | Noticed a dread lich
 78172 | Zot:5    | Killed a dread lich
 78225 | Zot:5    | Noticed a Killer Klown
 78249 | Zot:5    | Killed a Killer Klown
 78557 | Zot:5    | Noticed a curse toe
 78565 | Zot:5    | Killed a curse toe
 78604 | Zot:5    | Identified the +1 barding of Epruz {+Blink Regen+ rCorr
                  | Dex-4} (Okawaru gifted it to you on level 5 of the Realm of
                  | Zot)
 78604 | Zot:5    | Received a gift from Okawaru
 78694 | Zot:5    | Noticed a dread lich
 78700 | Zot:5    | Noticed an Ice Fiend
 78704 | Zot:5    | Killed a dread lich
 78725 | Zot:5    | Gained mutation: You occasionally shout uncontrollably at
                  | your foes. [hidden defects]
 78725 | Zot:5    | Lost mutation: You have hidden genetic defects. [hidden
                  | defects expressed]
 78728 | Zot:5    | Noticed a curse toe
 78743 | Zot:5    | Killed a curse toe
 78939 | Zot:5    | Got the Orb of Zot
 79095 | Zot:1    | Noticed Vyigu the pandemonium lord
 79126 | Zot:2    | Noticed a Brimstone Fiend
 79134 | Arena    | Entered the Arena
 79162 | Zot:1    | Reached skill level 19 in Evocations
 79330 | Zot:1    | You fall into a shaft and drop 1 floor!
 79660 | D:9      | Noticed a Brimstone Fiend
 79662 | D:9      | Killed a Brimstone Fiend
 79844 | D:$      | Escaped with the Orb!

Table legend: (Time is in decaauts)
 A = Elapsed time spent in this place.
 B = Non-inter-level travel time spent in this place.
 C = Inter-level travel time spent in this place.
 D = Time resting spent in this place.
 E = Time spent auto-exploring this place.
 F = Levels seen in this place.
 G = Mean time per level.
                   A        B        C        D        E       F      G
               +--------+--------+--------+--------+--------+-----+--------+
         Total |  66448 |  61326 |   5122 |   7918 |  38724 |  62 | 1071.7 |
       Dungeon |  19785 |  17933 |   1852 |   1560 |  12056 |  15 | 1319.0 |
        Temple |    102 |     88 |     14 |      0 |     71 |   1 |  102.0 |
          Lair |  11526 |  10202 |   1324 |    313 |   7435 |   6 | 1921.0 |
         Swamp |   3789 |   3647 |    142 |    610 |   2502 |   4 |  947.2 |
     Snake Pit |   4442 |   4114 |    328 |    342 |   2975 |   4 | 1110.5 |
    Slime Pits |   2285 |   2088 |    197 |    499 |    982 |   5 |  457.0 |
  Orcish Mines |   1765 |   1557 |    208 |      0 |   1078 |   2 |  882.5 |
   Elven Halls |   4873 |   4589 |    284 |    651 |   2953 |   3 | 1624.3 |
        Vaults |   5783 |   5529 |    254 |     96 |   4057 |   4 | 1445.8 |
        Depths |   5140 |   4824 |    316 |    223 |   3508 |   4 | 1285.0 |
           Zot |   5523 |   5325 |    198 |   3580 |    267 |   5 | 1104.6 |
         Trove |     38 |     38 |      0 |      0 |      7 |   1 |   38.0 |
         Sewer |    209 |    209 |      0 |      0 |    145 |   1 |  209.0 |
        Bailey |    116 |    116 |      0 |      0 |      0 |   1 |  116.0 |
        Wizlab |    797 |    797 |      0 |     12 |    503 |   1 |  797.0 |
      Gauntlet |    189 |    189 |      0 |      0 |    179 |   1 |  189.0 |
         Arena |     76 |     76 |      0 |     30 |      0 |   4 |   19.0 |
               +--------+--------+--------+--------+--------+-----+--------+

Top non-repeatable levels by time:
   Zot:5: 3947 daAuts
  Lair:4: 3343 daAuts
    D:10: 2774 daAuts
   Elf:1: 2268 daAuts
  Lair:6: 2081 daAuts
  Lair:2: 2081 daAuts
     D:6: 1850 daAuts
Vaults:4: 1823 daAuts
     D:9: 1749 daAuts
 Swamp:4: 1714 daAuts
 Snake:3: 1667 daAuts
    D:11: 1627 daAuts
     D:7: 1608 daAuts
Vaults:1: 1562 daAuts
  Lair:5: 1532 daAuts

Table legend:
 A = Kills in this place as a percentage of kills in entire the game.
 B = Kills by you in this place as a percentage of kills by you in the entire game.
 C = Kills by friends in this place as a percentage of kills by friends in the entire game.
 D = Other kills in this place as a percentage of other kills in the entire game.
 E = Experience gained in this place as a percentage of experience gained in the entire game.
 F = Experience gained in this place divided by the number of levels of this place that you have seen.
                   A       B       C       D       E      F
               +-------+-------+-------+-------+-------+----------------------
         Total | 100.0 | 100.0 |   N/A | 100.0 | 100.0 | 21190.2
       Dungeon |  20.2 |  20.3 |   N/A |   0.0 |   5.4 | 4700.0
          Lair |  11.9 |  12.0 |   N/A |   0.0 |   7.1 | 15564.7
         Swamp |   5.0 |   4.9 |   N/A |  42.9 |   5.1 | 16766.0
     Snake Pit |   9.7 |   9.7 |   N/A |   0.0 |   9.1 | 29940.0
    Slime Pits |   4.8 |   4.8 |   N/A |   0.0 |   5.6 | 14795.2
  Orcish Mines |   5.0 |   5.0 |   N/A |   0.0 |   2.0 | 13428.5
   Elven Halls |   8.7 |   8.7 |   N/A |  14.3 |  10.0 | 43675.0
        Vaults |  13.9 |  13.9 |   N/A |   0.0 |  16.7 | 54961.0
        Depths |  10.8 |  10.8 |   N/A |   0.0 |  17.2 | 56492.8
           Zot |   7.5 |   7.4 |   N/A |  28.6 |  19.1 | 50256.0
         Sewer |   0.2 |   0.2 |   N/A |   0.0 |   0.0 | 153.0
        Bailey |   0.4 |   0.4 |   N/A |   0.0 |   0.0 |  24.0
        Wizlab |   1.7 |   1.7 |   N/A |  14.3 |   1.6 | 21378.0
         Arena |   0.2 |   0.2 |   N/A |   0.0 |   1.0 | 3143.8
               +-------+-------+-------+-------+-------+----------------------

Action                   |  1- 3 |  4- 6 |  7- 9 | 10-12 | 13-15 | 16-18 | 19-21 | 22-24 | 25-27 || total
-------------------------+-------+-------+-------+-------+-------+-------+-------+-------+-------++-------
Melee: Dagger            |    28 |    69 |   230 |   285 |       |       |       |       |       ||   612
       Kick              |    15 |    30 |    68 |   100 |       |       |       |       |       ||   213
       Spear             |    54 |    57 |       |       |       |       |       |       |       ||   111
       Unarmed           |       |     9 |       |       |       |       |       |       |       ||     9
       Punch             |       |     1 |     2 |     8 |       |       |       |       |       ||    11
 Fire: Shortbow          |       |       |   343 |  1178 |   655 |   247 |       |       |       ||  2423
       Arbalest          |       |       |       |       |   762 |       |       |       |       ||   762
       Longbow           |       |       |       |       |   265 |   758 |       |       |       ||  1023
       Sling             |       |       |       |       |       |     9 |       |       |       ||     9
       Triple crossbow   |       |       |       |       |       |   741 |  1647 |  1711 |   408 ||  4507
Throw: Stone             |     3 |    19 |       |       |       |       |       |       |       ||    22
       Dart              |       |    28 |    33 |       |     2 |       |       |       |       ||    63
       Boomerang         |       |       |     3 |    35 |       |       |       |       |       ||    38
       Javelin           |       |       |       |       |       |       |       |    27 |     7 ||    34
 Cast: Pain              |    60 |    10 |       |       |       |       |       |       |       ||    70
Invok: Heroism           |       |       |     5 |     6 |       |       |     1 |     1 |     1 ||    14
       Finesse           |       |       |       |     9 |    10 |    25 |    22 |    24 |    10 ||   100
       Duel              |       |       |       |       |       |     1 |       |     2 |     1 ||     4
Evoke: Wand              |       |       |     3 |    20 |     7 |     4 |       |     2 |     4 ||    40
       Tin of tremorston |       |       |       |       |     3 |       |     2 |     1 |       ||     6
       Condenser vane    |       |       |       |       |       |       |       |     2 |     1 ||     3
  Use: Scroll            |     3 |     2 |     7 |    12 |     9 |    12 |     7 |    20 |     1 ||    73
       Potion            |     1 |     1 |     3 |     1 |       |     3 |     1 |     9 |     8 ||    27
 Stab: Sleeping          |     1 |     1 |       |       |       |       |       |       |       ||     2
Armor: Robe              |    30 |     6 |    52 |   120 |   138 |   230 |   203 |   124 |       ||   903
       Skin              |       |    12 |       |       |       |       |       |       |       ||    12
       Leather armour    |       |    33 |    56 |       |       |       |       |       |       ||    89
       Acid dragon scale |       |       |       |       |       |       |       |   131 |       ||   131
       Pearl dragon scal |       |       |       |       |       |       |       |   344 |   161 ||   505
Dodge: Dodged            |    40 |    32 |   285 |   414 |   309 |   494 |   659 |   734 |    70 ||  3037

Vanquished Creatures
  the Royal Jelly (Arena)
  Dissolution (Slime:2)
  3 ancient liches
  An orb of fire (Zot:5)
  5 dread liches (Zot:5)
  2 curse toes (Zot:5)
  Saint Roka (Vaults:3)
  5 golden dragons
  3 Killer Klowns (Zot:5)
  Vashnia (Snake:3)
  Nikola (Swamp:3)
  2 caustic shrikes (Depths:4)
  3 doom hounds (Zot:1)
  2 bone dragons (Depths:3)
  3 electric golems
  3 Tzitzimimeh
  A Brimstone Fiend (D:9)
  Rupert (D:14)
  8 tentacled monstrosities
  3 liches
  27 Orb Guardians
  A walking earthen tome (Depths:4)
  Asterion (Depths:1)
  18 acid blobs
  4 titans
  2 deep elf master archers (Elf:3)
  5 quicksilver dragons
  2 deep elf blademasters (Elf:3)
  Grunn (Zot:1)
  8 death cobs
  An Executioner (D:1)
  3 sphinxes
  A tentacled starspawn (WizLab)
  An eldritch tentacle (WizLab)
  A thorn hunter (Swamp:4)
  Kirke (D:14)
  6 shadow dragons
  2 draconian monks
  Agnes (Snake:4)
  2 fenstrider witches
  11 storm dragons
  An iron dragon (Depths:2)
  8 fire giants
  6 azure jellies
  4 tengu reavers
  6 draconian knights
  13 rockslimes
  2 nagarajas
  Louise (Swamp:3)
  9 deep elf sorcerers (Elf:3)
  13 frost giants
  An iron dragon (shapeshifter) (Vaults:2)
  10 vault wardens
  6 draconian scorchers
  2 balrugs
  Aizul (Vaults:1)
  6 draconian shifters
  6 deep elf elementalists
  2 ghouls (Swamp:3)
  3 orc warlords
  6 draconian stormcallers
  9 quicksilver oozes
  6 stone giants
  31 very ugly things
  A reaper (Arena)
  5 draconian annihilators
  16 ironbound preservers
  6 ironbound thunderhulks
  2 spriggan defenders (Depths:4)
  6 deep elf demonologists
  6 red draconians
  8 black draconians
  2 vampire knights
  11 green draconians
  3 eleionomae
  A lorocyproca (Depths:1)
  20 spark wasps
  5 yellow draconians
  4 dire elephants (Vaults:2)
  A putrid mouth (Depths:4)
  5 white draconians
  5 ettins
  12 deep elf annihilators
  3 bunyips (Swamp:3)
  4 fire dragons
  8 purple draconians
  6 deep elf death magi (Elf:3)
  Snorg (Orc:2)
  4 entropy weavers
  2 shambling mangroves (Swamp:4)
  Harold (D:9)
  2 rakshasas
  5 deep elf high priests
  10 great orbs of eyes
  8 yaktaur captains
  29 hydras
  5 salamander tyrants
  8 ice dragons
  4 spriggan air magi
  9 vault guards
  An anaconda (shapeshifter) (Depths:4)
  14 anacondas
  A ghost crab (Swamp:4)
  2 catoblepae
  2 peacekeepers (Vaults:3)
  4 ogre magi (Orc:2)
  5 ironbound frosthearts
  9 boulder beetles
  17 two-headed ogres
  A death knight (D:15)
  19 death yaks
  6 centaur warriors
  5 alligators
  21 naga warriors
  29 dancing weapons
  7 deep troll shamans
  5 deep troll earth magi
  4 thrashing horrors
  4 orc high priests
  6 shock serpents
  2 vampire magi
  10 naga sharpshooters
  10 tengu warriors
  3 hell hogs (Zot:2)
  Urug (D:14)
  5 spriggan berserkers
  A storm dragon zombie (Depths:3)
  14 deep elf knights
  4 soul eaters
  6 sun demons
  Amaemon (Lair:3)
  32 hell knights
  10 salamander mystics
  5 iron trolls
  3 sixfirhies
  11 skeletal warriors
  3 goliath frogs
  A shadow wraith (WizLab)
  3 glowing orange brains
  A death drake (WizLab)
  2 spriggan druids
  A harpy (shapeshifter) (Lair:6)
  11 bog bodies
  7 deep elf archers
  7 swamp dragons
  A flayed ghost (Depths:4)
  19 lindwurms
  55 deep trolls
  4 naga ritualists
  An obsidian statue (WizLab)
  A phantasmal warrior (Vaults:4)
  6 wizards
  A golden dragon skeleton (Depths:3)
  22 deep elf zephyrmancers
  3 harpies (Vaults:1)
  41 deep elf pyromancers
  9 necromancers
  13 orc knights
  14 mana vipers
  A sphinx zombie (Vaults:3)
  11 ironbound convokers
  A worldbinder (WizLab)
  3 manticores
  An oklob plant (Lair:6)
  27 ugly things
  5 shining eyes
  4 orc sorcerers
  A large abomination (WizLab)
  2 sphinx skeletons
  2 mana vipers (shapeshifter)
  A tengu skeleton (Vaults:2)
  A stone giant zombie (Vaults:3)
  An iron dragon skeleton (Depths:3)
  2 fauns (shapeshifter)
  8 cyclopes
  An elephant (shapeshifter) (Lair:6)
  2 will-o-the-wisps
  25 salamanders
  39 black mambas
  7 guardian serpents
  2 stone giant skeletons (Vaults:2)
  19 naga magi
  8 moths of wrath
  13 elephants
  2 torpor snails (Lair:6)
  9 cane toads
  5 smoke demons
  An eye of devastation (Slime:2)
  13 vault sentinels
  3 unseen horrors
  3 hellions
  A black mamba (shapeshifter) (Elf:3)
  A demonspawn skeleton (WizLab)
  3 elf skeletons (Vaults:2)
  8 orange demons
  10 komodo dragons
  A komodo dragon (shapeshifter) (Lair:6)
  A demonic crawler (Lair:6)
  2 kobold demonologists
  13 rime drakes
  Psyche (D:12)
  34 yaktaurs
  A freezing wraith (D:15)
  A yaktaur skeleton (Vaults:2)
  2 ice devils
  5 tengu conjurers
  2 human skeletons (Vaults:2)
  3 tyrant leeches
  6 meliai
  3 ancient zymes
  2 bloated husks
  A merfolk (shapeshifter) (Vaults:4)
  4 polar bears
  A hellwing (WizLab)
  5 trolls
  24 blink frogs
  10 hornets
  A tarantella (Vaults:2)
  A tyrant leech (shapeshifter) (Depths:3)
  91 slime creatures
  4 dream sheep (Lair:6)
  9 spriggans
  5 air elementals
  An ettin skeleton (Vaults:2)
  3 shadows
  2 vampires
  A ynoxinul (Depths:2)
  A wraith (D:14)
  7 wyverns
  3 hogs (D:14)
  A basilisk (shapeshifter) (D:14)
  15 humans (D:14)
  4 basilisks
  4 fire elementals
  11 small abominations (Lair:6)
  3 chaos spawn
  15 golden eyes
  2 vampire mosquitoes (D:11)
  6 steam dragons
  51 yaks
  5 redbacks
  3 spatial vortices (WizLab)
  6 wargs
  A warg (shapeshifter) (D:15)
  2 two-headed ogre zombies (D:12)
  2 acid dragons
  24 swamp worms
  43 nagas
  14 water moccasins
  33 orc warriors
  An ice beast (D:7)
  2 black bears
  A glowing shapeshifter skeleton (Vaults:3)
  7 swamp drakes (Swamp:4)
  33 ogres
  2 boggarts
  A centaur (shapeshifter) (D:15)
  18 wolves
  9 centaurs
  3 phantoms (D:12)
  6 kobold brigands
  15 bullfrogs
  2 gnoll sergeants
  A scorpion (shapeshifter) (D:14)
  5 necrophages
  3 scorpions
  5 earth elementals
  11 wights
  2 troll zombies (D:12)
  19 killer bees
  6 howler monkeys
  5 electric eels
  A crimson imp (WizLab)
  A quasit (WizLab)
  A gnoll bouda (D:7)
  2 hounds
  2 jellies
  22 orc priests
  2 hell rats (Lair:3)
  3 iguanas
  22 orc wizards
  2 wolf simulacra (D:10)
  3 yak simulacra (D:10)
  3 polar bear simulacra (D:10)
  4 ogre zombies (D:12)
  7 adders
  20 gnolls
  9 river rats
  A shadow imp (WizLab)
  3 white imps
  8 ufetubi
  2 worms
  A dart slug (D:5)
  83 orcs
  7 ball pythons
  4 bats
  An endoplasm (D:2)
  3 giant cockroaches
  12 goblins
  A hobgoblin (shapeshifter) (Vaults:4)
  4 hobgoblins
  6 jackals
  4 quokkas
  3 frilled lizards
  A goblin skeleton (D:12)
  2 goblin zombies (D:12)
  2 hobgoblin zombies (D:12)
  34 kobolds
  2 orc skeletons (D:12)
  18 orc zombies (D:12)
  7 rats
  2 river rat simulacra (D:10)
2249 creatures vanquished.

Vanquished Creatures (others)
  A death cob (Zot:4)
  A draconian knight (Zot:5)
  An alligator (Swamp:3)
  A shock serpent (shapeshifter) (Elf:3)
  A spriggan (Swamp:3)
  A wizard (WizLab)
  A hornet (Swamp:3)
  A human (D:14)
  2 briar patches (Swamp:4)
  A bush (Lair:2)
  A creeping inferno (Zot:4)
  2 foxfires (Swamp:2)
  50 fungi
  102 plants
  2 starspawn tentacles (WizLab)
168 creatures vanquished.

Grand Total: 2417 creatures vanquished There were no monsters in sight!

Levels and vault maps discovered:
D:1:      dpeg_arrival_rhombus, layout_basic, serial_bayou_pond_c
D:2:      layout_loops_ring
D:3:      layout_basic, gammafunk_temple_overflow_wave, general_overflow_altar,
          st_stairs_12, minivault_19
D:4:      layout_basic, nicolae_vehumet_radiance, mainiacjoe_overflow_24_doors
D:5:      layout_basic, minmay_temple_entry_sparse_star, grunt_decor_arrowhead
D:6:      minmay_goblin_kobold_castle, layout_rooms, lemuel_doored_altar,
          portal_sewer_entry_b, uniq_menkaure
D:7:      minmay_polygon_palace, layout_cave_pools,
          nicolae_concentric_dashed_squares_wild
D:8:      layout_basic, enter_bailey_3
D:9:      layout_roguey, ebering_ghost_gozag, minmay_unpleasant_kobolds,
          uniq_harold
D:10:     cheibrodos_frozen_isle, layout_basic, minmay_liquid_box,
          eino_house_with_fridge
D:11:     layout_rooms, erik_lair_orcish_takeover, gammafunk_ghost_hydra_chop
D:12:     layout_loops_cross, zombieorc2_lemuel, gauntlet_entry_generic,
          uniq_psyche
D:13:     layout_big_octagon, nemelex_altar_shiori
D:14:     lemuel_ice_spiral_2, layout_irregular_city, david_vaults_3,
          lightli_fourway_metalbox, uniq_kirke
D:15:     hangedman_depths_entry_civil_slaughter, layout_loops_ring,
          serial_park_square3 [serial_park_minivault_5x5_6], minmay_crystal_box
Temple:   regret_index_temple_sphere_string
Lair:1:   layout_cellular_growth, basic_altar, chequers_serial_rivers_micro_d
Lair:2:   layout_chaotic_city, minmay_swamp_entry_eels,
          nicolae_lair_grazing_beasts [nicolae_sub_lair_graze_edge,
          nicolae_sub_lair_graze_edge, nicolae_sub_lair_graze_edge,
          nicolae_sub_lair_graze_edge], grunt_megastairs_4, lemuel_fruit_tree
Lair:3:   layout_chaotic_city, kennysheep_abandoned_house, uniq_amaemon
Lair:4:   layout_long_grid, guppyfry_snake_entry_island,
          infiniplex_staircase_pool_2
Lair:5:   layout_regular_city, dpeg_slime_entry_enclosed,
          nicolae_quartered_pool_little, bobbens_dragon_lair_wall
Lair:6:   hellmonk_lair_end_abyssal_woods, layout_regular_city, worms_lemuel,
          serial_bayou_shore_a
Swamp:1:  layout_basic_swamp, nicolae_swamp_triple_paths, swamp_pool1
Swamp:2:  layout_basic_swamp, evilmike_swamp_ruin_house_4, swamp_pool2
Swamp:3:  layout_falls_marsh, evilmike_swamp_ruin_house_6, swamp_pool1,
          uniq_louise, uniq_nikola
Swamp:4:  swamp_basic_johnstein, layout_basic_swamp, swamp_pool2,
          cheibrodos_swamp_witchery
Snake:1:  layout_cave_shapes, gammafunk_ghost_abyssal_escape,
          nrook_guardian_serpent_ordinary
Snake:2:  layout_gridlike, minmay_snake_pond
Snake:3:  layout_chambers, serial_shops, nicolae_shop_overgrown_old_shop,
          gammafunk_ghost_berserking_beasts, grunt_megastairs_3, uniq_vashnia
Snake:4:  snake_pit_salamanders_mu, layout_cave_shapes, serial_bayou_pond_d,
          minmay_shop_star, serial_bayou_shore_b, uniq_agnes
Slime:1:  layout_caves
Slime:2:  layout_caves
Slime:3:  layout_caves, dissolution_awaits
Slime:4:  layout_caves, cheibrodos_slime_lost_civilization_7
Slime:5
Orc:1:    layout_caves, hellmonk_bongcloud_opening
Orc:2:    st_orc_ogre_mass, layout_diamond_mine, minmay_orc_temple_a, uniq_snorg
Elf:1:    minmay_elf_arrival_summoners, layout_geoelf_diagonals,
          minmay_elf_annihilation, lemuel_upstairs_altar
Elf:2:    elven_hall_of_blades_hangedman_original [nicolae_blade_lattice],
          layout_onion_city, serial_shops, nicolae_square_shop
Elf:3:    minmay_elf_hall_four_x, layout_geoelf_grid, special_room
          [special_room_orc]
Vaults:1: mu_enter_wizlab_4, hangedman_vaults_cutoff,
          vaults_room_grunt_arrival_ludios, ontoclasm_vaults_chip, v_misc_4,
          ontoclasm_vaults_tryst, nicolae_vaults_network_quinsquares
          [nicolae_vaults_network_quincunx_subvault,
          nicolae_vaults_network_quincunx_subvault,
          nicolae_vaults_network_quincunx_subvault,
          nicolae_vaults_network_quincunx_subvault], vaults_dpeg_encased_lava,
          vaults_room_hallway, vaults_dpeg_hooks, layout_vaults_omnigrid,
          uniq_aizul
Vaults:2: grunt_tower_of_power, v_misc_15, nicolae_vaults_big_angled_halls,
          vaults_dpeg_ring, hangedman_vaults_trim, dpeg_vaults_monster_box,
          vaults_room_door_ring, minmay_crypt_entry_skeletal_spiral,
          vaults_standard_mumra_enter_the_diamond, v_misc_8,
          ontoclasm_vaults_eye, layout_vaults_ring
Vaults:3: nicolae_vaults_three_branches, nicolae_vaults_diagonal_hallway_9,
          vaults_room_grid, v_misc_17, v_pattern_4, grunt_vaults_swirl,
          nicolae_vaults_little_squares_6, vaults_mumra_hex, v_rooms_5,
          vaults_dpeg_doors, nicolae_vaults_shelves_hall,
          nicolae_vaults_border_crossing, grunt_vaults_hallway_short,
          layout_vaults_maze_snakey, serial_shops, nicolae_lakefront_shop,
          uniq_saint_roka
Vaults:4: grunt_vaults_focal, nicolae_vaults_alarming, v_misc_31, v_misc_9,
          door_vault, nicolae_vaults_hallways_thing, hangedman_vaults_trim,
          v_misc_22, vaults_mumra_chevron_long, v_alt_pattern_1,
          ontoclasm_vaults_fault, hangedman_vaults_restitches,
          ontoclasm_vaults_idyll, layout_vaults_omnibox
Depths:1: layout_gridlike, serial_shops, shop, hell_entry,
          rand_demon_pan_entry_5, serial_corexii_hall, corexii_hall_statues_l,
          corexii_hall_statues_l, corexii_hall_statues_x, hex_intersection,
          abyss_entry, nicolae_trove_entry_isolated, nicolae_diode_stairs,
          uniq_asterion
Depths:2: kennysheep_scales, layout_cave_shapes, hellmonk_ghost_happy_afterlife,
          grunt_hell_entry_dis_mu, nicolae_figureground_pulse,
          grunt_pan_entry_in_and_out, nicolae_shop_vocational
Depths:3: grunt_house_of_mirrors, layout_gridlike,
          nicolae_qazlal_general_emergency, grunt_metal_band,
          abyss_entry_flame_altar, minmay_misc_feat_diagonals,
          nzn_hepliaklqana_mist_gate, infiniplex_staircase_zigzag_5
Depths:4: evilmike_horseshoe, layout_basic, serial_sigils,
          serial_sigils_hangedman_leer, serial_sigils_hangedman_quiver,
          serial_sigils_hangedman_writhe, serial_sigils_hangedman_snap,
          chequers_hall_statues_corner_a, hell_entry, rand_demon_pan_entry_4,
          drop_trap, nicolae_rare_books
Zot:1:    dreamdust_black_sun_cult, layout_cathedral_of_symmetry, uniq_grunn,
          uniq_vv
Zot:2:    grunt_zot_stairs_faceoff, layout_gridville
Zot:3:    layout_onion_interference, nicolae_transmutations_shop
Zot:4:    layout_cathedral_of_symmetry, gammafunk_ghost_grave, st_stairs_13,
          hangedman_hellfire_club
Zot:5:    layout_misc_corridors
